 Dungeon Crawl Stone Soup version 0.23.2-1-ga50397a6bc (webtiles) character file.

Game seed: 18101027332239250561

576 sabrehawk the Skirmisher (level 7, -2/55 HPs)
             Began as a Demonspawn Abyssal Knight on May 25, 2019.
             Was a Believer of Lugonu.
             Killed from afar by an orc wizard (4 damage)
             ... with a puff of flame
             ... on level 4 of the Dungeon.
             The game lasted 00:48:59 (4827 turns).

sabrehawk the Skirmisher (DsAK)                     Turns: 4827, Time: 00:48:59

Health: -2/55      AC:  7    Str: 15      XL:     7   Next: 13%
Magic:  0/9        EV: 11    Int: 12 (13) God:    Lugonu [**....]
Gold:   174        SH:  0    Dex: 13 (14) Spells: 6/6 levels left

rFire    . . .     SeeInvis .   a - +1 spear
rCold    + . .     Gourm    .   (no shield)
rNeg     . . .     Faith    .   p - +1 ring mail
rPois    .         Spirit   +   H - +0 helmet (curse)
rElec    .         Reflect  .   m - scarf {Spirit}
rCorr    .         Harm     .   (no gloves)
MR       +....                  (no boots)
Stlth    +.........             (no amulet)
HPRegen  0.18/turn              d - ring of protection from magic
MPRegen  0.11/turn              M - +2 ring of dexterity

@: hasted, lightly drained, very quick
A: talons 1, cold resistance 1
a: Depart the Abyss, Bend Space, Renounce Religion


You were on level 4 of the Dungeon.
You worshipped Lugonu.
Lugonu was pleased with you.
You were not hungry.

You visited 1 branch of the dungeon, and saw 4 of its levels.
You visited the Abyss 1 time.

You collected 174 gold pieces.

Inventory:

Hand Weapons
 a - a +1 spear (weapon)
 e - a +0 hunting sling
 l - a +0 short sword
 n - a +0 whip
 t - a +0 dagger
 u - a +0 club
 w - a +2 hunting sling of velocity
 z - a +0 dagger
 B - a +0 short sword
 E - a +0 dagger
 K - a +0 club
 P - a +0 club
 Q - a +0 falchion
Missiles
 f - 79 stones (quivered)
 i - 38 bolts
 D - 55 arrows
 I - 5 curare-tipped needles
 W - 17 poisoned needles
 X - a sling bullet
Armour
 b - a +0 leather armour
 g - a +0 chain mail
 j - a +0 plate armour
 m - a scarf of spirit shield (worn)
 p - a +1 ring mail (worn)
 x - a +1 helmet
 H - a cursed +0 helmet (worn)
 R - a +0 ring mail
 V - a +0 animal skin
Jewellery
 d - a ring of protection from magic (left hand)
 h - an uncursed ring of see invisible
 v - an uncursed ring of attention
 M - a +2 ring of dexterity (right hand)
Scrolls
 C - a scroll of noise {unknown}
Potions
 L - a potion of invisibility {unknown}
 O - 2 potions of heal wounds {unknown}
 S - a potion of brilliance {unknown}
 T - 2 potions of haste
Comestibles
 c - 8 rations


   Skills:
 * Level 4.7(4.4) Fighting
 * Level 4.6(4.4) Polearms
 - Level 0.1(0.0) Slings
 * Level 3.6(3.4) Armour
 * Level 1.8(1.6) Dodging
 + Level 3.7(3.4) Invocations


You had 6 spell levels left.
You didn't know any spells.
Your spell library was empty.

Dungeon Overview and Level Annotations

Branches:
Dungeon (4/15)
 Temple: D:4-7

Altars:

Annotations:
D:2 Natasha


Innate Abilities, Weirdness & Mutations

You have sharp toenails.
Your flesh is cold resistant. (rC+)


Message History

The magic dart hits you.
* * * LOW HITPOINT WARNING * * *
You see here a sling bullet.
A worker ant comes into view.
The worker ant twitches its antennae in your direction.
A puff of frost appears from out of thin air!
The puff of frost hits you. You resist.
* * * LOW HITPOINT WARNING * * *
A scorpion comes into view.
Found a quarterstaff.
A puff of frost appears from out of thin air!
The puff of frost hits you. You resist.
* * * LOW HITPOINT WARNING * * *
The teleport trap disappears.
The scorpion disappears!
The worker ant bites you but does no damage.
An orc wizard appears from thin air!
Reactivating autopickup.
The orc wizard points at you and mumbles some strange words.
The puff of flame hits you.
You die...

.. .. #.$.. ... #...#
. ##...# ##....#
######.....#
#..........#
##.........#
#........@.#
#.....a...##
#..........#
#.....)....#
##.............
#...............
#..............#
##.o...........##
#######.o...##.......#


You could see a worker ant and an orc wizard.

Vanquished Creatures
  Menkaure (D:4)
  A phantom (D:4)
  A howler monkey (D:4)
  A hound (D:4)
  Terence (D:2)
  An iguana (D:4)
  Natasha (twice) (D:2)
  A worker ant (D:4)
  Robin (D:4)
  A worker ant zombie (D:3)
  A howler monkey skeleton (D:4)
  4 adders
  A worm (D:3)
  2 dart slugs
  3 leopard geckos (D:1)
  5 orcs
  A ball python (D:2)
  5 bats
  7 giant cockroaches
  14 goblins
  7 hobgoblins
  7 jackals
  8 kobolds
  2 quokkas
  2 frilled lizards
  5 rats
85 creatures vanquished.

Notes
Turn   | Place    | Note
-------+----------+-------------------------------------------
     0 | Abyss:1  | sabrehawk the Demonspawn Abyssal Knight began the quest for
                  | the Orb.
     0 | Abyss:1  | Reached XP level 1. HP: 18/18 MP: 2/2
    15 | Abyss:1  | Found a corrupted altar of Lugonu.
    72 | Abyss:1  | Noticed a small abomination
    97 | Abyss:1  | Found a corrupted altar of Lugonu.
   105 | Abyss:1  | Noticed a large abomination
   124 | D:1      | Escaped the Abyss
   428 | D:1      | Gained mutation: Your flesh is cold resistant. (rC+)
                  | [demonic ancestry]
   428 | D:1      | Reached XP level 2. HP: 24/24 MP: 4/4
   480 | D:1      | Reached * piety under Lugonu
   747 | D:1      | Reached XP level 3. HP: 25/29 MP: 3/5
  1108 | D:2      | Noticed Natasha
  1124 | D:2      | You fall through a shaft!
  1508 | D:3      | Reached skill level 1 in Dodging
  1803 | D:3      | Reached XP level 4. HP: 32/36 MP: 6/6
  2670 | D:2      | Noticed Terence
  2718 | D:2      | Killed Terence
  3056 | D:2      | Killed Natasha
  3056 | D:2      | Gained mutation: You have sharp toenails. [demonic
                  | ancestry]
  3056 | D:2      | Reached XP level 5. HP: 42/42 MP: 5/7
  3380 | D:2      | Reached ** piety under Lugonu
  3537 | D:2      | Noticed Natasha
  3547 | D:2      | Killed Natasha
  3596 | D:2      | Noticed Natasha
  3868 | D:4      | Noticed Menkaure
  3880 | D:4      | Killed Menkaure
  3880 | D:4      | Reached XP level 6. HP: 29/48 MP: 4/8
  4347 | D:4      | Noticed Robin
  4380 | D:4      | Killed Robin
  4405 | D:4      | Reached XP level 7. HP: 23/55 MP: 6/9
  4812 | D:4      | HP: 2/55 [something/magic dart (3)]
  4817 | D:4      | HP: 2/55 [something/puff of frost (1)]
  4827 | D:4      | Killed from afar by an orc wizard

Skill      XL: |  1  2  3  4  5 |
---------------+----------------+-----
Polearms       | 2 3 4 |  4.6
Armour         | 2 3 |  3.6
Invocations    | 3 |  3.7
Dodging        | 1 |  1.8
Fighting       | 4 |  4.7
Slings         | |  0.1

Action                   |  1- 3 |  4- 6 |  7- 9 || total
-------------------------+-------+-------+-------++-------
Melee: Spear             |   161 |   160 |    23 ||   344
       Hunting sling     |       |     1 |       ||     1
       Kick              |       |    28 |    10 ||    38
 Fire: Hunting sling     |    14 |    22 |    11 ||    47
Invok: Depart the Abyss  |     1 |       |       ||     1
       Bend Space        |       |     2 |       ||     2
  Use: Scroll            |     3 |     5 |     1 ||     9
       Potion            |       |     5 |     1 ||     6
  Eat: Chunk             |     3 |     3 |       ||     6
       Ration            |       |     2 |       ||     2
Armor: Plate armour      |   256 |    13 |       ||   269
       Ring mail         |       |    55 |    18 ||    73
Dodge: Dodged            |    41 |    97 |    24 ||   162
